 Dungeon Sprint DCSS version 0.28.0-47-ge53b351184 (webtiles) character file.

Game seed: 11388526400962771755

79 browni3141 the Carver (level 4, -1/37 HPs)
             Began as a Formicid Fighter on May 4, 2022.
             Slain by an ice beast (4 damage)
             ... in the Dungeon (Sprint IX: "|||||||||||||||||||||||||||||").
             The game lasted 00:01:00 (54 turns).

browni3141 the Carver (Formicid Fighter)              Turns: 54, Time: 00:01:01

Health: -1/37      AC:  6    Str: 21    XL:     4   Next: 62%
Magic:  4/4        EV:  9    Int:  7    God:
Gold:   0          SH:  4    Dex: 12    Spells: 3/3 levels left

rFire   . . .      SeeInvis +   a - +0 long sword
rCold   . . .      Faith    .   c - +0 buckler
rNeg    . . .      Spirit   .   b - +0 scale mail
rPois   .          Reflect  .   (helmet unavailable)
rElec   .          Harm     .   (no cloak)
rCorr   .          Rampage  .   (no gloves)
Will    .....                   (no boots)
Stlth   ..........              (no amulet)
HPRegen 0.12/turn               (no ring)
MPRegen 0.09/turn               (no ring)

@: no status effects
A: permanent stasis, dig shafts and tunnels, antennae 3, four strong arms
a: Dig


You were in the Dungeon.
You visited 1 branch


Innate Abilities, Weirdness & Mutations

You cannot be hasted, slowed, berserked, paralysed or teleported.
You can dig through walls and to a lower floor.
You have a pair of large antennae on your head. (SInv)
Your four strong arms can wield two-handed weapons with a shield.


   Skills:
 - Level 4.0 Fighting
 * Level 8.2 Long Blades
 - Level 3.2 Armour
 - Level 3.6 Shields


You had 3 spell levels left.
You didn't know any spells.
Your spell library was empty.

Inventory:

Hand Weapons
 a - a +0 long sword (weapon)
Armour
 b - a +0 scale mail (worn)
 c - a +0 buckler (worn)
Potions
 d - a potion of might
 e - a potion of curing {@q1}
 g - 2 potions of magic

Dungeon Overview and Level Annotations

Branches:
Dungeon (1/1)

Altars:
¦+¦ ¦.¦ ¦.¦ ¦.¦ ¦.¦ ¦h¦ ¦Y¦

¦@¦
¦.¦
¦.¦
¦.¦
¦.¦
¦†¦
¦.¦
¦.¦
¦.¦


You could see an ice beast and a jackal.


Message History

The ice beast closely misses you.
You hit the ice beast.
The ice beast is severely wounded.
The ice beast closely misses you.
You barely miss the ice beast.
The ice beast is severely wounded.
The ice beast barely misses you.
You closely miss the ice beast.
The ice beast is severely wounded.
The ice beast barely misses you.
The jackal pauses to sniff the ground.
You hit the ice beast but do no damage.
The ice beast is severely wounded.
The ice beast hits you but does no damage.
You hit the ice beast.
The ice beast is almost dead.
The ice beast hits you but does no damage.
You hit the ice beast but do no damage.
The ice beast is almost dead.
The ice beast hits you.
* * * LOW HITPOINT WARNING * * *
The ice beast freezes you.
* * * LOW HITPOINT WARNING * * *
You hit the ice beast.
The ice beast is almost dead.
The ice beast hits you but does no damage.
You completely miss the ice beast.
The ice beast is almost dead.
The ice beast hits you.
You die...

Skill      XL: |  1  2  3  4 |
---------------+-------------+-----
Long Blades    | 4 7 8 |  8.2
Fighting       | 4 |  4.0
Armour         | |  3.2
Shields        | |  3.6

Action                   |  1- 3 |  4- 6 || total
-------------------------+-------+-------++-------
Melee: Long sword        |    25 |    18 ||    43
  Use: Potion            |       |     1 ||     1
Armor: Scale mail        |     5 |     6 ||    11
Dodge: Dodged            |    18 |     8 ||    26
Block: Buckler           |     7 |     1 ||     8

Levels and vault maps discovered:
D:        linesprint [early_d, line_temple, items_1, d_10, items_2, lair_1,
          lair_end, items_3, orc_1, orc_end, items_4, d_15, swamp_1, shoals_1,
          snake_1, spider_1, d_20, vaults_1, items_5, swamp_end, shoals_end,
          snake_end, spider_end, vaults_end, d_27, items_6, zot_1, zot_end,
          crypt_end, forest_end, elf_end, slime_end, tomb_end, abyss_end,
          pan_hell_end]

Notes
Turn   | Place    | Note
-------+----------+-------------------------------------------
     0 | D        | browni3141 the Formicid Fighter began the quest for the
                  | Orb.
     0 | D        | Reached XP level 1. HP: 18/18 MP: 1/1
    11 | D        | Reached skill level 3 in Long Blades
    21 | D        | Noticed an ice beast
    21 | D        | Noticed a scorpion
    31 | D        | Reached skill level 4 in Long Blades
    31 | D        | Reached skill level 4 in Fighting
    31 | D        | Reached XP level 2. HP: 8/25 MP: 2/2
    35 | D        | Killed a scorpion
    36 | D        | Reached skill level 6 in Long Blades
    36 | D        | Reached skill level 7 in Long Blades
    36 | D        | Reached XP level 3. HP: 7/30 MP: 3/3
    36 | D        | Reached XP level 4. HP: 8/37 MP: 4/4
    40 | D        | Reached skill level 8 in Long Blades
    52 | D        | HP: 3/37 [ice beast (5)]
    54 | D        | Slain by an ice beast

Vanquished Creatures
  A scorpion (D)
  2 adders (D)
  A giant cockroach (D)
  2 ball pythons (D)
  A bat (D)
  A rat (D)
8 creatures vanquished.

Table legend: (Time is in decaauts)
 A = Elapsed time spent in this place.
 B = Non-inter-level travel time spent in this place.
 C = Inter-level travel time spent in this place.
 D = Time resting spent in this place.
 E = Time spent auto-exploring this place.
 F = Levels seen in this place.
 G = Mean time per level.
                   A        B        C        D        E       F      G
               +--------+--------+--------+--------+--------+-----+--------+
         Total |     60 |     60 |      0 |      0 |      0 |   1 |   60.0 |
       Dungeon |     60 |     60 |      0 |      0 |      0 |   1 |   60.0 |
               +--------+--------+--------+--------+--------+-----+--------+

Top non-repeatable levels by time:
       D: 60 daAuts

Table legend:
 A = Non-vault XP
 B = Vault XP
 C = Vault XP percentage of total XP
 D = Non-vault monster count
 E = Vault monster count
 F = Vault count percentage of total count
                 A         B        C        D         E       F
            +---------+---------+-------+---------+---------+-------
      Total |       0 |     113 | 100.0 |       0 |       8 | 100.0
            +---------+---------+-------+---------+---------+-------
          D |       0 |     113 | 100.0 |       0 |       8 | 100.0
            +---------+---------+-------+---------+---------+-------
